SCURSCUM, neutral female scurrid Tourist ----------- |..........# ---------- |.........|### ##### | .!. | |...<......####### -------------# #+ . | |...*.....| ##############.`.........`|####| . | |..........############## |..!..` ....|## | . | ----- ----------- # # ##|...-.---...|## -----.---- |^..| # ### # ##-......}|...|# # ##+...| ### # # # |..`....|`..|# # # |.B.| # ##########|...|..}.....#####################d@.%| # |...-----...|# # # |>..| # |..!. ....!|############ ### ----- ---.--- |`.........`| ---.--.-- # | .######################------------- | .. +## | | ############ |.. | | | |%. | ------- --------- SCURSCUM the Rambler Experience level: 1 Strength: 13 Dexterity: 11 Constitution: 14 Intelligence: 11 Wisdom: 10 Charisma: 16 Health: 0(9) Energy: 2(2) Def: 0 Gold: 91 Moves: 275 Dungeon seed: n5sbYQ8UyAdqYnj1 Game ID: SCURSCUM_1498707773 Your Inventory: Coins $ - 91 gold pieces Weapons a - 51 uncursed +2 darts (in quiver) Armor e - a blessed +0 Hawaiian shirt (being worn) Comestibles b - 4 uncursed tripe rations c - 5 uncursed food rations d - 2 uncursed pancakes f - an uncursed candy bar g - an uncursed cram ration p - an uncursed lichen corpse Scrolls j - 3 uncursed scrolls of magic mapping o - an uncursed scroll of enchant armor Potions h - an uncursed potion of extra healing i - a blessed potion of extra healing r - an uncursed potion of confusion Wands m - an uncursed wand of secret door detection (0:15) Tools k - an uncursed expensive camera (0:43) l - an uncursed credit card n - an uncursed tin opener Spells and supernatural/magical abilities: Name Level Category Fail Memory W - pray for help -- divine ? -- Your skills at the end: Miscellaneous Skills wands [Basic] Weapon Skills dart [Basic] Spellcasting Skills Final Attributes: You were devoutly aligned. You had infravision. You were very stealthy. You are dead. Vanquished creatures: a kobold lord a cave spider a kobold 2 lichens 5 creatures vanquished. Voluntary challenges: You went without food. You did not adorn yourself with jewelry or accessories. You did not cause conflict. You were not invisible. You did not have reflection. You were not displaced. You were an atheist. You never hit with a wielded weapon. You did not use tools. You did not use sinks. You read items or engraved 3 times, starting on turn 49. You never genocided any monsters. You never polymorphed an object. You never changed form. You used no wishes. You never split a pudding. You never wrote Elbereth's name. You never violated your personal moral code. Dungeon overview: The Dungeons of Doom: levels 1 to 6 Level 1 a long staircase Level 2 Level 3 Level 4 Level 5 Level 6 <- You were here History has recorded: On T:1 you entered the Dungeons of Doom to retrieve the Amulet of Yendor! On T:187 you reached level 2 of The Dungeons of Doom. On T:190 you reached level 3 of The Dungeons of Doom. On T:192 you reached level 4 of The Dungeons of Doom. On T:194 you reached level 5 of The Dungeons of Doom. On T:196 you reached level 6 of The Dungeons of Doom. Score breakdown: Gold: 0 ( 0 points) Experience: 1 level ( 0 points) Exploration: 6 levels ( 150 points) Discoveries: 2 items ( 100 points) Variety of kills: 4 monsters ( 200 points) Major goal: (nothing yet) ( 0 points) Survival: died (score multiplied by 3) Total score: 1350 Latest messages: You start chewing a hole in the rock. You continue digging. You succeed in cutting away some rock. You start chewing a hole in the rock. You continue digging. You succeed in cutting away some rock. You start chewing a hole in the rock. You continue digging. You succeed in cutting away some rock. You start chewing a hole in the rock. You continue digging. You succeed in cutting away some rock. You start chewing a hole in the rock. You continue digging. You succeed in cutting away some rock. You start chewing a hole in the rock. You continue digging. You succeed in cutting away some rock. The door resists! The door opens. The giant bat bites! You die... Final status: Aloha SCURSCUM the Tourist, killed by a giant bat... You died in The Dungeons of Doom on dungeon level 6 with 1350 points, and 91 pieces of gold, after 275 moves. You were level 1 with a maximum of 9 hit points when you died.